 Dungeon Crawl Stone Soup version 0.20.1-1-g8b1a95d (webtiles) character file.

3322 slep the Carver (level 9, -27/121 HPs)
             Began as a Minotaur Abyssal Knight on Oct 28, 2017.
             Was a Priest of Lugonu.
             Annihilated by an earth elemental (31 damage)
             ... summoned by a deep elf mage
             ... in a bailey.
             The game lasted 00:34:55 (5360 turns).

slep the Carver (Minotaur Abyssal Knight)           Turns: 5360, Time: 00:34:56

Health: -27/121    AC:  3    Str: 21    XL:     9   Next: 71%
Magic:  0/9        EV: 14    Int: 14    God:    Lugonu [***...]
Gold:   290        SH:  8    Dex: 14    Spells: 8/8 levels left

rFire    + . .     SeeInvis .   a - +1 falchion
rCold    + . .     Gourm    .   o - +0 buckler
rNeg     . . .     Faith    .   b - +0 leather armour
rPois    +         Spirit   +   (helmet restricted)
rElec    +         Reflect  +   f - scarf {Spirit}
rCorr    +         Harm     .   (no gloves)
MR       .....                  (no boots)
Stlth    ..........             s - +3 amulet of reflection
Regen    0.3/turn               u - ring of stealth
MPRegen  0.2/turn               L - ring of resist corrosion

@: mighty, brilliant, berserking, resistant, flying, very quick
A: retaliatory headbutt, horns 2, evolution 1, subdued magic 1
a: Depart the Abyss, Bend Space, Banish, Renounce Religion


You were in a bailey.
You worshipped Lugonu.
Lugonu was most pleased with you.
You were hungry.

You visited 1 branch of the dungeon, and saw 7 of its levels.
You visited the Abyss 1 time.
You also visited: Sewer and Bailey.

You collected 426 gold pieces.
You spent 136 gold pieces at shops.

Inventory:

Hand Weapons
 a - a +1 falchion (weapon)
Armour
 b - a +0 leather armour (worn)
 f - a scarf of spirit shield (worn)
 o - a +0 buckler (worn)
Jewellery
 s - a +3 amulet of reflection (around neck)
 u - a ring of stealth (left hand)
 y - an uncursed ring of magical power
 A - an uncursed ring of flight
 B - an uncursed amulet of guardian spirit
 L - a ring of resist corrosion (right hand)
Wands
 D - a wand of polymorph (10/24)
 I - a wand of polymorph (7/24)
Scrolls
 e - 3 scrolls of recharging {unknown}
 h - 2 scrolls of blinking {unknown}
 i - 2 scrolls of random uselessness {unknown}
 m - 7 scrolls of identify {unknown}
 p - 2 scrolls of enchant armour {unknown}
 q - 5 scrolls of fear {unknown}
 r - 4 scrolls of teleportation {unknown}
 v - 2 scrolls of amnesia {unknown}
 w - 3 scrolls of immolation {unknown}
 C - 5 scrolls of remove curse
 E - a scroll of enchant weapon {unknown}
 G - 3 scrolls of magic mapping {unknown}
 K - a scroll of holy word {unknown}
 M - a scroll of noise {unknown}
Potions
 j - a potion of mutation
 k - a potion of degeneration {unknown}
 l - 4 potions of might
 t - 4 potions of curing {unknown}
 x - a potion of haste {unknown}
 F - 2 potions of brilliance
 J - a potion of invisibility
 N - a potion of flight
Comestibles
 c - 7 bread rations
 g - 7 fruits
 n - 4 royal jellies
 P - a meat ration


   Skills:
 + Level 7.8 Fighting
 + Level 10.8 Long Blades
 + Level 5.1 Armour
 + Level 4.4 Dodging
 + Level 4.4 Stealth
 + Level 4.9 Shields
 + Level 2.0 Invocations


You had 8 spell levels left.
You didn't know any spells.

Dungeon Overview and Level Annotations

Branches:
Dungeon (7/15)             Temple (0/1) D:5

Altars:
Elyvilon
Fedhas
Gozag
Okawaru
Ru
Sif Muna
Uskayaw

Shops:
D:4 ?   D:6 [***

Annotations:
D:5 Sharkman1231's ghost, novice DsIE


Innate Abilities, Weirdness & Mutations

You reflexively headbutt those who attack you in melee.
You have a pair of horns on your head.
You evolve.
Your spells are a little easier to cast, but a little less powerful.


Message History

You fly up into the air.
The deep elf mage casts a spell.
The deep elf mage blinks!
The earth elemental misses you.
You riposte.
You hit the earth elemental but do no damage.
You headbutt the earth elemental!
The earth elemental is severely damaged.
It was a potion of resistance.
You feel protected.
The deep elf mage hits you but does no damage.
It was a potion of berserk rage.
A red film seems to cover your vision as you go berserk!
You feel yourself moving faster!
You feel mighty! You block the deep elf mage's attack.
The deep elf mage hits you but does no damage.
The earth elemental closely misses you. You furiously retaliate!
You headbutt the earth elemental!
You riposte.
You slash the earth elemental! You headbutt the earth elemental!
The earth elemental is almost destroyed.
The earth elemental hits you!!
You die...

.. .. .###
###. ##...#
#...## #.....
.....# #.....
.....# #.....
.....#
#...E#....#
#e#####
#....#@e..##
#...e.#EE...#
#...Y.#..∩..#
#.....#...).#
##...###...###
.######'##..##
..
##...##....#
#.....#....#
#..∩..##..##


You could see 3 earth elementals and 2 deep elf magi.

Vanquished Creatures
  4 deep elf magi (Bailey)
  A spriggan (D:7)
  2 ice beasts
  Purgy (Sewer)
  A phantom (D:5)
  2 ogres (D:6)
  3 centaurs
  The ghost of SockMonkey the Grave Robber, an amateur DsNe (D:3)
  A bullfrog (D:6)
  A wyvern zombie (D:6)
  2 howler monkeys
  A quasit (D:6)
  A jelly (D:7)
  3 hounds
  2 bullfrog skeletons
  3 iguanas
  2 worker ants (D:6)
  An orc wizard (D:4)
  A hound skeleton (D:5)
  A worker ant zombie (D:6)
  3 adders
  3 gnolls (D:6)
  A shadow imp (D:6)
  2 oozes
  An adder zombie (D:4)
  4 worms
  4 dart slugs
  5 leopard geckos
  8 orcs
  5 bats
  A giant cockroach (D:6)
  13 goblins
  3 hobgoblins
  10 jackals
  8 kobolds
  5 quokkas
  A ball python (D:4)
  12 frilled lizards
  A jackal zombie (D:5)
  A quokka skeleton (D:6)
  2 rats
127 creatures vanquished.

Notes
Turn   | Place    | Note
-------+----------+-------------------------------------------
     0 | Abyss:1  | slep the Minotaur Abyssal Knight began the quest for the Orb.
     0 | Abyss:1  | Reached XP level 1. HP: 19/19 MP: 1/1
    51 | Abyss:1  | Noticed a purple very ugly thing
    52 | Abyss:1  | Noticed a purple very ugly thing
    66 | Abyss:1  | Noticed a chaos spawn
    68 | Abyss:1  | Noticed a starcursed mass
    68 | Abyss:1  | Noticed a raiju
    69 | D:1      | Escaped the Abyss
    92 | D:1      | Reached * piety under Lugonu
   206 | D:1      | Reached XP level 2. HP: 19/27 MP: 0/2
   590 | D:1      | Reached skill level 3 in Long Blades
   590 | D:1      | Reached XP level 3. HP: 25/33 MP: 1/3
  1134 | D:2      | Found an opulent altar of Gozag.
  1298 | D:2      | Found a blossoming altar of Fedhas.
  1299 | D:2      | Found a deep blue altar of Sif Muna.
  1505 | D:3      | Reached ** piety under Lugonu
  1542 | D:3      | Reached XP level 4. HP: 40/41 MP: 4/4
  1552 | D:3      | Reached skill level 4 in Long Blades
  1554 | D:3      | Noticed SockMonkey's ghost (amateur DsNe)
  1578 | D:3      | Killed SockMonkey's ghost
  1578 | D:3      | Reached XP level 5. HP: 18/47 MP: 1/5
  1855 | D:4      | Reached skill level 1 in Shields
  2118 | D:4      | Reached skill level 5 in Long Blades
  2118 | D:4      | Reached skill level 1 in Stealth
  2211 | D:4      | Reached XP level 6. HP: 52/53 MP: 6/6
  2338 | D:4      | Noticed an ice beast
  2345 | D:4      | Killed an ice beast
  2345 | D:4      | Reached skill level 5 in Fighting
  2366 | D:4      | Found Aheuve's Magic Scroll Emporium.
  2369 | D:4      | Bought a scroll of remove curse for 42 gold pieces
  2495 | D:4      | Reached skill level 6 in Long Blades
  2730 | D:5      | Entered Level 5 of the Dungeon
  2768 | D:5      | Found a staircase to the Ecumenical Temple.
  2882 | D:5      | Noticed Sharkman1231's ghost (novice DsIE)
  2897 | D:5      | Reached XP level 7. HP: 35/61 MP: 5/7
  3123 | D:5      | Found a white marble altar of Elyvilon.
  3437 | D:6      | Reached skill level 7 in Long Blades
  3570 | D:6      | Noticed a dagger
  3571 | D:6      | Noticed a hand axe
  3572 | D:6      | Found a hide-covered altar of Uskayaw.
  3588 | D:6      | Reached skill level 8 in Long Blades
  3588 | D:6      | Reached XP level 8. HP: 5/70 MP: 1/8
  3689 | D:6      | Reached *** piety under Lugonu
  3889 | D:6      | Found a sacrificial altar of Ru.
  3926 | D:6      | Found a glowing drain.
  3972 | Sewer    | Entered a sewer
  4061 | Sewer    | Noticed Purgy
  4074 | Sewer    | Killed Purgy
  4441 | D:6      | Found Luar's Assorted Antiques.
  4444 | D:6      | Found Laitara's General Store.
  4447 | D:6      | Found Karchemivo's General Store.
  4449 | D:6      | Found Xiss's Armour Shoppe.
  4469 | D:6      | Bought a scroll labeled OCOCAVV XIFAKK for 25 gold pieces
  4469 | D:6      | Bought a scroll labeled XAUNNACKAYS for 25 gold pieces
  4469 | D:6      | Bought a sedimented inky potion for 22 gold pieces
  4469 | D:6      | Bought a lumpy inky potion for 22 gold pieces
  4553 | D:6      | Found an iron altar of Okawaru.
  4712 | D:7      | Reached skill level 9 in Long Blades
  4850 | D:7      | Found a flagged portal.
  4870 | Bailey   | Entered a bailey
  5093 | Bailey   | Noticed a deep elf mage
  5108 | Bailey   | Killed a deep elf mage
  5108 | Bailey   | Reached XP level 9. HP: 31/78 MP: 3/9
  5317 | Bailey   | Noticed a deep elf mage
  5318 | Bailey   | Noticed a deep elf mage
  5318 | Bailey   | Noticed a deep elf mage
  5322 | Bailey   | Noticed a deep elf mage
  5331 | Bailey   | Killed a deep elf mage
  5331 | Bailey   | Reached skill level 10 in Long Blades
  5343 | Bailey   | Killed a deep elf mage
  5344 | Bailey   | Noticed a deep elf mage
  5350 | Bailey   | HP: 3/79 [deep elf mage/bolt of magma (31)]
  5355 | Bailey   | Killed a deep elf mage
  5355 | Bailey   | Reached skill level 5 in Armour
  5355 | Bailey   | HP: 2/81 [earth elemental[a deep elf mage] (33)]
  5356 | Bailey   | Gained mutation: Your spells are a little easier to cast, but a little less powerful. [potion of mutation]
  5356 | Bailey   | Gained mutation: You evolve. [potion of mutation]
  5358 | Bailey   | Noticed a deep elf mage
  5360 | Bailey   | Annihilated by an earth elemental

Skill      XL: |  1  2  3  4  5  6  7  8  9 |
---------------+----------------------------+-----
Fighting       | 4 5 6 7 |  7.8
Invocations    | 2 |  2.0
Long Blades    | 3 4 5 6 8 9 10 | 10.8
Armour         | 3 4 5 |  5.1
Dodging        | 2 3 4 |  4.4
Shields        | 1 2 3 4 |  4.9
Stealth        | 1 2 3 4 |  4.4

Action                   |  1- 3 |  4- 6 |  7- 9 || total
-------------------------+-------+-------+-------++-------
Melee: Falchion          |    68 |    87 |   258 ||   413
       Headbutt          |    13 |    20 |    52 ||    85
Invok: Depart the Abyss  |     1 |       |       ||     1
  Use: Potion            |       |     2 |    10 ||    12
 Stab: Sleeping          |     1 |     3 |     9 ||    13
       Invisible         |       |     2 |       ||     2
  Eat: Chunk             |     2 |     4 |     8 ||    14
Armor: Leather armour    |    21 |    15 |    24 ||    60
Dodge: Dodged            |    35 |    41 |   112 ||   188
Block: Buckler           |     2 |    15 |    76 ||    93
       Reflection        |       |     1 |     6 ||     7
       Rpst.: Falchion   |    11 |    16 |    26 ||    53
